 Dungeon Sprint DCSS version 0.28-a0-71-g84acfa7270 (webtiles) character file.

Game seed: 15798089036884271915

12 Zeldest the Insei (level 5, 0/30 HPs)
             Began as a Vine Stalker Transmuter on Aug 2, 2021.
             Was an Initiate of Ru.
             Slain by a scorpion (6 damage)
             ... in the Dungeon (Sprint VI: "Thunderdome").
             The game lasted 00:02:05 (161 turns).

Zeldest the Insei (Vine Stalker Transmuter)          Turns: 161, Time: 00:02:06

Health: 0/30       AC:  6    Str: 13    XL:     5   Next: 62%
Magic:  0/9        EV: 10    Int: 13    God:    Ru [......]
Gold:   220        SH:  0    Dex: 15    Spells: 5/8 levels left

rFire   . . .      SeeInvis .     - Unarmed
rCold   . . .      Faith    .   (no shield)
rNeg    . . .      Spirit   +   n - +0 scale mail
rPois   .          Reflect  .   (helmet currently unavailable)
rElec   .          Harm     .   (no cloak)
rCorr   .          Rampage  .   (no gloves)
Will    .....      NoTele   +   (boots currently unavailable)
Stlth   ..........              (no amulet)
HPRegen 1.10/turn               (no ring)
MPRegen 0.11/turn               (no ring)

@: lethally poisoned (0 -> -2), appendages (expiring), wereblooded
A: horns 2, talons 2, fangs 2, regeneration 1, magic shield, antimagic bite, no
potion heal 2
a: End Transformation, Renounce Religion


You were in the Dungeon.
You worshipped Ru.
Ru was noncommittal.
You had temporarily grown beastly horns and talons.
You visited 1 branch You collected 220 gold pieces.

Inventory:

Armour
 a - a +0 robe
 m - a +2 robe of fire resistance
 n - a +0 scale mail (worn)
Wands
 g - a wand of acid (2)
 h - a wand of iceblast (5)
Scrolls
 f - 4 scrolls of blinking
 i - 3 scrolls of fog
Potions
 b - a potion of curing
 c - 4 potions of haste
 d - 2 potions of magic
 e - a potion of berserk rage
 j - 2 potions of resistance
 k - 3 potions of heal wounds {unknown}
 l - a potion of degeneration {unknown}


   Skills:
 + Level 4.4 Fighting
 + Level 4.3 Dodging
 + Level 5.7 Unarmed Combat
 - Level 2.1 Spellcasting
 + Level 5.2 Transmutations
 + Level 4.7 Air Magic


You had 5 spell levels left.
You knew the following spells:

 Your Spells              Type           Power      Damage    Failure   Level
a - Beastly Appendage     Tmut           30%        N/A       14%         1
b - Wereblood             Tmut           15%        N/A       22%         2

Your spell library contained the following spells:

 Spells                   Type           Power      Damage    Failure   Level
 Spider Form              Tmut/Pois      4%         N/A       77%         3
 Ice Form                 Ice/Tmut       8%         N/A       99%         4


Dungeon Overview and Level Annotations

Branches:
Dungeon (1/1)

Altars:
Cheibriados
Dithmenos
Fedhas
Gozag
Kikubaaqudgha
Makhleb
Okawaru
Qazlal
Ru
Sif Muna
Trog
Uskayaw
Vehumet
Wu Jian
Xom
Yredelemnul
Zin
The Shining One
Beogh
Jiyva
Lugonu

Shops:
D *[??*?*:[((!!!!


Innate Abilities, Weirdness & Mutations

You have temporarily grown beastly horns and talons.
You have extremely sharp teeth.
Your natural rate of healing is unusually fast.
When hurt, damage is shared between your health and your magic reserves.
Your bite disrupts and absorbs the magic of your enemies.
Potions cannot restore your health.


Message History

The giant cockroach is almost dead.
The giant cockroach closely misses you.
You closely miss the giant cockroach. You claw the giant cockroach.
You kill the giant cockroach!
The worm bites you!
You hit the scorpion but do no damage.
You claw the scorpion, but do no damage.
The scorpion barely misses you. The scorpion stings you!
The scorpion stings you! The scorpion stings you.
A giant cockroach comes into view. 50...
The scorpion misses you.
You see here a giant cockroach corpse.
You closely miss the scorpion. The scorpion stings you.
You are poisoned.
The scorpion poisons you!
You hit the scorpion. You claw the scorpion.
You bite the scorpion, but do no damage.
The scorpion is moderately wounded.
You feel very sick.
The scorpion stings you but does no damage.
You feel sick. The scorpion stings you.
You are more poisoned.
The scorpion poisons you!
The scorpion stings you but does no damage.
You hit the scorpion.
You claw the scorpion, but do no damage.
You bite the scorpion, but do no damage.
The scorpion is heavily wounded.
You feel very sick. The scorpion stings you.
* * * LOW HITPOINT WARNING * * *
The giant cockroach waves its antennae.
You hit the scorpion. Your headbutt misses the scorpion.
The scorpion is heavily wounded.
Your transformation is almost over.
You feel very sick. The worm closely misses you. The scorpion stings you!
You die...

#⌠..........###...###..........⌠
##.............###.............#
###∩........8.# #.8........∩###
##∩___......###......___∩##
######.8.........8.######
#⌠...........⌠# ###.........###
#_B.w.....# #_..s@..._#
#_..†...._# #∩.......∩#
##∩.....∩## ##.....## ##⌠⌠⌠##
#####


You could see a worm, a scorpion and a giant cockroach.

Vanquished Creatures
  Sigmund (D)
  Terence (D)
  A giant cockroach (D)
  A bat (D)
  A kobold (D)
  A quokka skeleton (D)
6 creatures vanquished.

Notes
Turn   | Place    | Note
-------+----------+-------------------------------------------
     0 | D        | Zeldest the Vine Stalker Transmuter began the quest for the
                  | Orb.
     0 | D        | Reached XP level 1. HP: 9/9 MP: 4/4
     1 | D        | Found a basalt altar of Yredelemnul.
     1 | D        | Found a bloodstained altar of Trog.
     2 | D        | Found a hide-covered altar of Uskayaw.
     2 | D        | Found a blossoming altar of Fedhas.
     3 | D        | Found a glowing silver altar of Zin.
     4 | D        | Found Hucup's Identification Station.
     4 | D        | Found a corrupted altar of Lugonu.
     5 | D        | Found Ujiapep's Advanced Armour.
     5 | D        | Found Ihisum's Jewellery.
     5 | D        | Round 1.
     9 | D        | Found a viscous altar of Jiyva.
    11 | D        | Reached skill level 1 in Fighting
    11 | D        | Found an ancient bone altar of Kikubaaqudgha.
    11 | D        | Noticed Sigmund
    12 | D        | Found a snail-covered altar of Cheibriados.
    21 | D        | Killed Sigmund
    22 | D        | Reached skill level 5 in Unarmed Combat
    22 | D        | Reached XP level 2. HP: 14/17 MP: 3/6
    22 | D        | Reached XP level 3. HP: 18/21 MP: 3/7
    22 | D        | Gained mutation: Your natural rate of healing is unusually
                  | fast. [Vine Stalker growth]
    22 | D        | Reached XP level 4. HP: 21/25 MP: 3/8
    22 | D        | Reached XP level 5. HP: 25/29 MP: 3/9
    22 | D        | Found an opulent altar of Gozag.
    22 | D        | Found a radiant altar of Vehumet.
    22 | D        | Found a burning altar of Makhleb.
    22 | D        | Found Ofedekitwa's Magic Scroll Shop.
    22 | D        | Found Hiaghaaz's Staff Store.
    35 | D        | Found Fain's Magic Scroll Shop.
    35 | D        | Found Donitink's Must-Have Magic.
    37 | D        | Found a sacrificial altar of Ru.
    40 | D        | Found an ornate altar of the Wu Jian Council.
    41 | D        | Found Hojel's Distillery.
    41 | D        | Found a shimmering altar of Xom.
    41 | D        | Found a stormy altar of Qazlal.
    41 | D        | Found an iron altar of Okawaru.
    41 | D        | Found Rudeffoy's Do-It-Yourself Clinic.
    42 | D        | Found Orphaeck's Distillery.
    42 | D        | Found Lareshra's Bottled Wisdom.
    46 | D        | Reached skill level 5 in Transmutations
    48 | D        | Became a worshipper of Ru the Awakened
    54 | D        | Found a shadowy altar of Dithmenos.
    55 | D        | Found a glowing golden altar of the Shining One.
    56 | D        | Found Imiequw's Weapon Rack.
    57 | D        | Found a shimmering blue altar of Sif Muna.
    57 | D        | Found Xeac's Premium Goods.
    57 | D        | Found Tesukit's Basic Armour.
    57 | D        | Found Iqoph's Miscellaneous Merchandise.
    79 | D        | Noticed Terence
    92 | D        | Killed Terence
    92 | D        | Arena points: 12 (+12) [x2]
   110 | D        | Learned a level 2 spell: Wereblood
   145 | D        | Round 2.
   161 | D        | Slain by a scorpion

Illustrated notes

Levels and vault maps discovered:
D:        arena_sprint

Skill      XL: |  1  2  3  4  5 |
---------------+----------------+-----
Fighting       | 4 |  4.4
Dodging        | 4 |  4.3
Unarmed Combat | 5 |  5.7
Transmutations | 4 5 |  5.2
Air Magic      | 4 |  4.7
Spellcasting   | |  2.1

Action                   |  1- 3 |  4- 6 || total
-------------------------+-------+-------++-------
Melee: Unarmed           |     3 |    21 ||    24
       Kick              |     1 |     5 ||     6
       Bite              |       |     9 ||     9
 Cast: Beastly Appendage |     1 |     1 ||     2
       Wereblood         |       |     1 ||     1
Evoke: Wand              |     3 |       ||     3
 Stab: Distracted        |       |     1 ||     1
Armor: Scale mail        |       |     3 ||     3
       Robe              |       |     1 ||     1
Dodge: Dodged            |     5 |    12 ||    17

Table legend: (Time is in decaauts)
 A = Elapsed time spent in this place.
 B = Non-inter-level travel time spent in this place.
 C = Inter-level travel time spent in this place.
 D = Time resting spent in this place.
 E = Time spent auto-exploring this place.
 F = Levels seen in this place.
 G = Mean time per level.
                   A        B        C        D        E       F      G
               +--------+--------+--------+--------+--------+-----+--------+
         Total |    158 |    158 |      0 |     14 |      0 |   1 |  158.0 |
       Dungeon |    158 |    158 |      0 |     14 |      0 |   1 |  158.0 |
               +--------+--------+--------+--------+--------+-----+--------+

Top non-repeatable levels by time:
       D: 158 daAuts
